 Dungeon Crawl Stone Soup version 0.29.1-15-g9cfb28693d (webtiles) character file.

Game seed: 14152827429629590674

4410 fleeber the Carver (level 10, -3/74 HPs)
             Began as a Merfolk Gladiator on Feb 28, 2023.
             Was a Follower of Qazlal.
             Slain by a vault guard
             ... wielding a +0 broad axe
              (22 damage)
             ... in a bailey.
             The game lasted 00:27:10 (7345 turns).

fleeber the Carver (Merfolk Gladiator)              Turns: 7345, Time: 00:27:11

Health: -3/74      AC:  9    Str: 16    XL:     10   Next: 36%
Magic:  10/10      EV: 18    Int:  7    God:    Qazlal [*.....]
Gold:   295        SH:  1    Dex: 25    Spells: 9/9 levels left

rFire   . . .      SeeInvis +   a - +4 long sword
rCold   . . .      Faith    .   (no shield)
rNeg    . . .      Spirit   .   N - +0 steam dragon scales
rPois   .          Reflect  .   c - +0 helmet
rElec   .          Harm     .   (no cloak)
rCorr   .          Rampage  .   F - +0 pair of gloves
Will    .....                   f - +0 pair of boots
Stlth   ++........              q - amulet of regeneration
HPRegen 1.02/turn               E - +6 ring of dexterity
MPRegen 0.12/turn               y - ring of see invisible

@: no status effects
A: (nimble swimmer 2), mertail
a: Renounce Religion


You were in a bailey.
You worshipped Qazlal.
Qazlal was aware of your devotion.
You visited 2 branches of the dungeon, and saw 8 of its levels.
You also visited: Bailey.

You collected 487 gold pieces.
You spent 192 gold pieces at shops.

Inventory:

Hand Weapons
 a - a +4 long sword (weapon)
Missiles
 d - 4 throwing nets
 e - a javelin
 i - 12 poisoned darts
 o - 2 silver boomerangs
 t - 48 stones (quivered)
Armour
 c - a +0 helmet (worn)
 f - a +0 pair of boots (worn)
 F - a +0 pair of gloves (worn)
 N - +0 steam dragon scales (worn)
Jewellery
 b - a ring of flight
 q - an amulet of regeneration (around neck)
 y - a ring of see invisible (right hand)
 E - a +6 ring of dexterity (left hand)
 I - a +4 ring of evasion
Wands
 j - a wand of polymorph (9)
 r - a wand of mindburst (9)
 L - a wand of iceblast (5)
 M - a wand of flame (16)
Scrolls
 g - a scroll of enchant armour {unknown}
 h - a scroll of poison {unknown}
 k - 2 scrolls of blinking
 n - a scroll of summoning {unknown}
 w - a scroll of butterflies {unknown}
 x - 7 scrolls of teleportation
 z - a scroll of noise {unknown}
 D - 2 scrolls of amnesia {unknown}
 G - a scroll of magic mapping {unknown}
 J - a scroll of vulnerability
 K - 2 scrolls of fear
Potions
 l - 2 potions of magic {unknown}
 m - 3 potions of attraction
 p - 2 potions of degeneration
 s - 3 potions of curing
 u - a potion of haste {unknown}
 v - a potion of invisibility {unknown}
 A - a potion of cancellation {unknown}
 B - a potion of mutation {unknown}
 C - a potion of brilliance {unknown}
 H - a potion of heal wounds {unknown}


   Skills:
 + Level 5.0 Fighting
 - Level 14.0 Long Blades
 + Level 4.5 Throwing
 + Level 2.9 Armour
 + Level 6.8 Dodging
 + Level 3.9 Evocations


You had 9 spell levels left.
You didn't know any spells.
Your spell library contained the following spells:

 Spells                   Type           Power      Damage    Failure   Level
 Apportation              Tloc           0%         N/A       43%         1
 Freeze                   Ice            0%         1d3       43%         1
 Necrotise                Necr           0%         1d4       43%         1
 Summon Small Mammal      Summ           0%         N/A       43%         1
 Confusing Touch          Hex            0%         N/A       80%         3
 Dazzling Flash           Conj/Hex       0%         N/A       80%         3
 Frozen Ramparts          Ice            0%         1d1       80%         3
 Inner Flame              Hex/Fire       0%         N/A       80%         3
 Hailstorm                Conj/Ice       0%         3d3       99%         4
 Sticky Flame             Conj/Fire      0%         2d3       99%         4
 Agony                    Necr           0%         N/A       100%        5
 Fireball                 Conj/Fire      0%         3d3       100%        5
 Silence                  Hex/Air        0%         N/A       100%        5
 Yara's Violent Unravell  Hex/Tmut       0%         3d3       100%        5
 Starburst                Conj/Fire      0%         6d3       100%        6
 Enfeeble                 Hex            0%         N/A       100%        7


Dungeon Overview and Level Annotations

Branches:
Dungeon (7/15)             Temple (1/1) D:5          Bailey (1/1)

Altars:
Ashenzari
Cheibriados
Dithmenos
Elyvilon
Fedhas
Gozag
Makhleb
Nemelex Xobeh
Qazlal
Ru
Sif Muna
Trog
Uskayaw
Vehumet
Wu Jian
Xom
Zin
The Shining One

Shops:
D:5 *

Annotations:
D:4 exclusion: downstairs
D:7 2 runed translucent doors, 2 transporters


Innate Abilities, Weirdness & Mutations

((You are very nimble when in or above water. (Stealth+, EV+, Speed+++)))
Your lower body shifts to a powerful aquatic tail in water.


Message History

Your +0 pair of boots melds into your body.
Things that are here:
a +0 broad axe; a +0 chain mail; a human corpse You start waiting.
Done waiting.
No target in view!
Your +0 pair of boots unmelds from your body.
There is an open door, spattered with blood here.
You see here the human corpse of Prince Ribbit.
Your legs become a tail as you enter the water.
Your +0 pair of boots melds into your body.
Your +0 pair of boots unmelds from your body.
There is an open door, spattered with blood here.
You see here the human corpse of Prince Ribbit.
You start waiting.
A vault guard is nearby!
The vault guard hits you with a +0 broad axe!
There is an open door, spattered with blood here.
You see here the human corpse of Prince Ribbit.
You slash the vault guard!
The vault guard is moderately wounded.
The vault guard hits you with a +0 broad axe!
You are too injured to fight recklessly!
You are too injured to fight recklessly!
You hit the vault guard but do no damage.
The vault guard is moderately wounded.
The vault guard barely misses you.
You slash the vault guard!
The vault guard is heavily wounded.
The vault guard hits you with a +0 broad axe!!
* * * LOW HITPOINT WARNING * * *
You barely miss the vault guard.
The vault guard is heavily wounded.
You hit the vault guard but do no damage.
The vault guard is heavily wounded.
The vault guard closely misses you.
You slice the vault guard!!
The vault guard is severely wounded.
The vault guard hits you with a +0 broad axe!
You die...

###### ###~.@p###
##~~..#≈.~## #~...)#≈.~~##
#...~##≈.~~~#
#########..###≈~..~##
##....#≈≈####≈≈~...##
##...)†#~~≈≈≈≈~~....#.
#..†#..'..~~~~.p....'..∩...
#...#..#........~~..#.....?


You could see a vault guard.

Vanquished Creatures
  A vault guard (Bailey)
  Grinder (D:3)
  Prince Ribbit (Bailey)
  4 humans (Bailey)
  A steam dragon (D:6)
  3 water moccasins
  2 ice beasts
  3 sky beasts
  A black bear (D:6)
  10 bullfrogs
  2 scorpions
  A gnoll sergeant (D:5)
  6 wights
  A howler monkey (D:6)
  5 hounds (D:5)
  2 jellies
  5 orc priests
  An iguana (D:5)
  3 orc wizards
  Robin (D:3)
  5 adders
  9 gnolls
  4 white imps
  2 ufetubi (D:4)
  2 worms
  3 dart slugs
  20 orcs
  5 bats
  2 endoplasms
  4 giant cockroaches
  25 goblins
  10 hobgoblins
  7 jackals (D:1)
  3 quokkas
  5 ball pythons
  5 frilled lizards
  7 kobolds
  4 rats
176 creatures vanquished.

Notes
Turn   | Place    | Note
-------+----------+-------------------------------------------
     0 | D:1      | fleeber the Merfolk Gladiator began the quest for the Orb.
     0 | D:1      | Reached XP level 1. HP: 16/16 MP: 1/1
   107 | D:1      | Reached skill level 4 in Long Blades
   182 | D:1      | Reached XP level 2. HP: 22/22 MP: 2/2
   640 | D:1      | Reached XP level 3. HP: 27/27 MP: 3/3
   645 | D:1      | Reached skill level 5 in Long Blades
  1243 | D:2      | Found a faded altar of an unknown god.
  1256 | D:2      | Noticed a shining eye
  1260 | D:2      | Noticed an eye of devastation
  1265 | D:2      | Noticed a shining eye
  1276 | D:2      | Noticed a shining eye
  1675 | D:3      | Reached XP level 4. HP: 33/33 MP: 4/4
  1688 | D:3      | Noticed Grinder
  1705 | D:3      | Reached skill level 6 in Long Blades
  1739 | D:3      | Killed Grinder
  1740 | D:3      | Reached skill level 8 in Long Blades
  1740 | D:3      | Reached XP level 5. HP: 37/38 MP: 5/5
  1740 | D:3      | Reached XP level 6. HP: 43/44 MP: 6/6
  1746 | D:3      | Found a sacrificial altar of Ru.
  2050 | D:3      | Found a radiant altar of Vehumet.
  2065 | D:3      | Noticed Robin
  2399 | D:3      | Killed Robin
  2803 | D:4      | Found an ornate altar of the Wu Jian Council.
  2817 | D:4      | Found a stormy altar of Qazlal.
  3059 | D:4      | Reached skill level 9 in Long Blades
  3277 | D:4      | Reached XP level 7. HP: 41/50 MP: 7/7
  3557 | D:5      | Entered Level 5 of the Dungeon
  3603 | D:5      | Found a staircase to the Ecumenical Temple.
  3748 | D:5      | Reached skill level 10 in Long Blades
  3777 | D:5      | Found a hide-covered altar of Uskayaw.
  4134 | D:5      | Reached skill level 11 in Long Blades
  4173 | D:4      | Reached XP level 8. HP: 34/52 MP: 8/8
  4415 | D:5      | Found Cebbic's General Store.
  4423 | D:5      | Bought a scroll of vulnerability for 48 gold pieces
  4423 | D:5      | Bought a scroll of identify for 24 gold pieces
  4423 | D:5      | Bought a scroll of identify for 24 gold pieces
  4423 | D:5      | Bought 2 scrolls of fear for 96 gold pieces
  4465 | D:5      | Got Suets's Papyrus of the Blaze
  4548 | D:5      | Reached skill level 12 in Long Blades
  4604 | D:5      | Found a burning altar of Makhleb.
  5086 | D:6      | Reached skill level 13 in Long Blades
  5119 | D:6      | Identified the +3 short sword "Ciggovud" {flame, rElec}
  5377 | D:6      | Noticed Sigmund
  5380 | D:6      | Noticed Sigmund
  5380 | D:6      | Sigmund changed into Sigmund the howler monkey
  5385 | D:6      | Killed Sigmund the howler monkey
  5386 | D:6      | Reached XP level 9. HP: 61/61 MP: 9/9
  5541 | D:6      | Found a blossoming altar of Fedhas.
  5795 | D:6      | Reached skill level 14 in Long Blades
  5843 | Temple   | Entered the Ecumenical Temple
  6071 | D:4      | Became a worshipper of Qazlal Stormbringer
  6305 | D:7      | Reached skill level 1 in Evocations
  6452 | D:7      | Reached skill level 1 in Armour
  6560 | D:7      | Found a runed translucent door.
  6560 | D:7      | Found a runed translucent door.
  6560 | D:7      | Noticed a skeletal warrior
  6694 | D:7      | Reached skill level 5 in Dodging
  6781 | D:7      | Found a transporter.
  6788 | D:7      | Noticed a two-headed ogre
  6794 | D:7      | Found a transporter.
  6794 | D:7      | Noticed a moth of wrath
  6845 | D:7      | Found a flagged portal.
  6929 | Bailey   | Entered a bailey
  7023 | Bailey   | Reached * piety under Qazlal
  7044 | Bailey   | Reached XP level 10. HP: 56/72 MP: 10/10
  7139 | Bailey   | Noticed a vault guard
  7142 | Bailey   | Noticed Prince Ribbit
  7151 | Bailey   | Killed a vault guard
  7155 | Bailey   | Killed Prince Ribbit
  7156 | Bailey   | Reached skill level 5 in Fighting
  7212 | Bailey   | Identified the +9 plate armour of Biuhe {Harm}
  7212 | Bailey   | Noticed a vault guard
  7345 | Bailey   | Slain by a vault guard

Illustrated notes

Levels and vault maps discovered:
D:1:      onia_arrival_mini_maze_b, layout_loops_ring
D:2:      layout_loops_ring, hellmonk_ecumenical_altar_watching_god,
          minmay_misc_feat_x
D:3:      layout_basic, vehumet_crystals, mainiacjoe_overflow_chevrons,
          uniq_robin, uniq_grinder
D:4:      layout_basic, mainiacjoe_overflow_big_doors
D:5:      layout_cave_pools, nicolae_uskayaw_dance_hall,
          makhleb_heckhound_becter, minmay_temple_entry_grid, serial_shops,
          shop, kennysheep_small_square
D:6:      layout_loops_corners, mainiacjoe_overflow_alcove_4, uniq_sigmund
D:7:      minmay_the_grid_triangle_9x9_recursive_2
          [minmay_the_grid_triangle_9x9_prize_special,
          minmay_the_grid_triangle_9x9_sparse_checkered,
          minmay_the_grid_triangle_9x9_thin_v,
          minmay_the_grid_triangle_9x9_tough_junction], layout_basic,
          enter_bailey_3, gammafunk_ghost_wrathful_warriors
Temple:   minmay_temple_curvy_loop
Bailey:   bailey_axe_froggy_fort_hellmonk, bailey

Skill      XL: |  1  2  3  4  5  6  7  8  9 10 |
---------------+-------------------------------+-----
Long Blades    | 4 5 8 9 11 13 14 | 14.0
Evocations     | 3 |  3.9
Armour         | 2 |  2.9
Fighting       | 4 5 |  5.0
Throwing       | 3 4 |  4.5
Dodging        | 6 |  6.8

Action                   |  1- 3 |  4- 6 |  7- 9 | 10-12 || total
-------------------------+-------+-------+-------+-------++-------
Melee: Long sword        |   109 |   169 |   333 |    43 ||   654
       Punch             |       |     4 |     6 |       ||    10
       Tailslap          |       |       |     9 |       ||     9
Throw: Throwing net      |       |     1 |     1 |       ||     2
       Stone             |       |       |     3 |       ||     3
Evoke: Wand              |       |       |     3 |     3 ||     6
  Use: Scroll            |       |       |    10 |       ||    10
 Stab: Sleeping          |       |       |     2 |       ||     2
Armor: Ring mail         |    51 |    67 |    54 |       ||   172
       Steam dragon scal |       |       |    18 |     4 ||    22
Dodge: Dodged            |    61 |   125 |   184 |    30 ||   400
Block: Other             |       |       |     2 |       ||     2
